 Dungeon Crawl Stone Soup version 0.27.1 (webtiles) character file.

Game seed: 9931188169895664511

65 Atelerd the Digger (level 4, 0/27 HPs)
             Began as an Octopode Earth Elementalist on Sept 1, 2021.
             Slain by a shadow imp (6 damage)
             ... on level 4 of the Dungeon.
             The game lasted 00:02:55 (3259 turns).

Atelerd the Digger (Octopode Earth Elementalist)    Turns: 3259, Time: 00:02:57

Health: 0/27       AC:  1    Str:  7    XL:     4   Next: 13%
Magic:  0/7        EV: 13    Int: 18    God:
Gold:   131        SH:  0    Dex: 12    Spells: 4/8 levels left

rFire    . . .     SeeInvis .   a - +0 dagger
rCold    + . .     Faith    .   (no shield)
rNeg     + . .     Spirit   .   (helmet restricted)
rPois    .         Reflect  .   (no amulet)
rElec    .         Harm     .   k - ring of positive energy
rCorr    .         Rampage  .   l - ring of protection from cold
Will     .....                  (no ring)
Stlth    +++.......             (no ring)
HPRegen  0.09/turn              (no ring)
MPRegen  0.10/turn              (no ring)
                                (no ring)
                                (no ring)

@: no status effects
A: almost no armour, amphibious, 8 rings, camouflage 1, gelatinous body 1,
(nimble swimmer 1), tentacles
a: no special abilities


You were on level 4 of the Dungeon.
You visited 1 branch of the dungeon, and saw 4 of its levels.

You collected 131 gold pieces.

Inventory:

Hand Weapons
 a - a +0 dagger (weapon)
Missiles
 b - 57 stones
Jewellery
 k - a ring of positive energy (left tentacle)
 l - a ring of protection from cold (right tentacle)
 m - a ring of resist corrosion
Scrolls
 c - 2 scrolls of enchant weapon {unknown}
 d - a scroll of identify {unknown}
 i - a scroll of magic mapping {unknown}
 j - a scroll of teleportation {unknown}
Potions
 e - a potion of heal wounds
 f - 2 potions of brilliance {unknown}
 g - a potion of resistance {unknown}
 h - 2 potions of curing {unknown}
 n - a potion of berserk rage {unknown}


   Skills:
 - Level 2.0 Dodging
 - Level 2.6 Stealth
 + Level 2.6 Spellcasting
 + Level 0.5 Conjurations
 + Level 2.1 Transmutations
 + Level 0.4 Air Magic
 + Level 3.6 Earth Magic
 + Level 0.4 Poison Magic


You had 4 spell levels left.
You knew the following spells:

 Your Spells              Type           Power      Damage    Failure   Level
a - Sandblast             Erth           30%        2d9       3%          1
b - Mephitic Cloud        Conj/Pois/Air  4%         N/A       38%         3

Your spell library contained the following spells:

 Spells                   Type           Power      Damage    Failure   Level
 Passwall                 Tmut/Erth      10%        N/A       8%          2
 Magic Dart               Conj           16%        1d3       14%         1
 Stone Arrow              Conj/Erth      18%        3d8       22%         3
 Call Imp                 Summ           2%         N/A       26%         2
 Gell's Gravitas          Tloc           1%         N/A       45%         3
 Teleport Other           Tloc           2%         N/A       45%         3
 Tukima's Dance           Hex            2%         N/A       45%         3
 Petrify                  Tmut/Erth      12%        N/A       45%         4
 Passage of Golubria      Tloc           N/A        N/A       86%         4
 Yara's Violent Unravell  Hex/Tmut       3%         3d4       96%         5
 Dispersal                Tloc           1%         N/A       100%        6


Dungeon Overview and Level Annotations

Branches:
Dungeon (4/15)
 Temple: D:4-7

Altars:
Dithmenos
Vehumet
Zin


Innate Abilities, Weirdness & Mutations

You cannot wear most types of armour.
You are amphibious.
You can wear up to eight rings at the same time.
Your skin changes colour to match your surroundings (Stealth+).
Your rubbery body absorbs attacks. (AC +1, EV +1)
((You are camouflaged near water. (Stealth+)))
You have tentacles for arms and can constrict up to eight enemies at once.


Message History

You feel as though you will be slow longer.
The shadow imp misses you. The hornet closely misses you.
Casting: Sandblast (safe; 3% risk of failure)
Confirm with . or Enter, or press ? or * to list all spells.
Aiming: Sandblast (safe; 3% risk of failure)
Press: ? - help, Shift-Dir - straight line, f - hornet, p - shadow imp
Aim: a hornet (69% to hit)
The blast of sand misses the hornet.
You feel sick. The hornet misses you. The shadow imp barely misses you.
The hornet closely misses you. The shadow imp closely misses you.
Unknown command.
Casting: Sandblast (safe; 3% risk of failure)
Confirm with . or Enter, or press ? or * to list all spells.
The spell is extremely dangerous to cast (38% risk of failure)!
Continue anyway?
Aiming: Mephitic Cloud (extremely dangerous; 38% risk of failure)
Press: ? - help, Shift-Dir - straight line, f/p - hornet
Aim: a hornet (chance to affect: 72%) That beam is likely to hit you.
Continue anyway?
The ball explodes into a vile cloud!
The stinking cloud engulfs the hornet but does no damage.
The stinking cloud engulfs you but does no damage.
The stinking cloud engulfs the shadow imp but does no damage.
The shadow imp is heavily wounded.
You feel sick.
You hear an angry hiss.
The hornet is engulfed in noxious fumes.
The hornet appears confused.
The hornet is engulfed in noxious fumes.
The hornet appears confused.
The shadow imp hits you.
* * * LOW HITPOINT WARNING * * *
Unknown command.
Unknown command.
You feel yourself speed up.
You feel sick.
You are no longer poisoned.
The hornet is engulfed in noxious fumes.
The hornet appears confused.
The hornet is engulfed in noxious fumes.
The shadow imp hits you.
You die...

.. ##.##
##...##
##.....##
#.......###
#..........
#.......#
#@5○...#
#.#°y.##
#.##○#######.
#.##.#.......
#.##..)#
#.##.........
.............
#.##.#.###.#.
# #.#.# #


You could see a hornet (confused) and a shadow imp.

Vanquished Creatures
  2 adders
  2 dart slugs (D:1)
  3 ball pythons
  6 bats
  2 endoplasms
  3 giant cockroaches
  4 goblins
  5 hobgoblins
  2 jackals (D:1)
  A quokka (D:1)
  A frilled lizard (D:2)
  4 kobolds (D:1)
  5 rats
40 creatures vanquished.

Notes
Turn   | Place    | Note
-------+----------+-------------------------------------------
     0 | D:1      | Atelerd the Octopode Earth Elementalist began the quest for
                  | the Orb.
     0 | D:1      | Reached XP level 1. HP: 11/11 MP: 3/3
   378 | D:1      | Reached XP level 2. HP: 17/17 MP: 3/5
  1316 | D:1      | Reached XP level 3. HP: 20/21 MP: 6/6
  2039 | D:2      | Learned a level 3 spell: Mephitic Cloud
  2666 | D:3      | Found a radiant altar of Vehumet.
  2667 | D:3      | Found a shadowy altar of Dithmenos.
  2668 | D:3      | Found a glowing silver altar of Zin.
  2909 | D:3      | Found a faded altar of an unknown god.
  2927 | D:3      | Reached XP level 4. HP: 23/27 MP: 5/7
  3247 | D:4      | Noticed a hornet
  3253 | D:4      | Paralysed by a hornet for 2 turns
  3259 | D:4      | Slain by a shadow imp

Illustrated notes

Levels and vault maps discovered:
D:1:      nicolae_arrival_somewhat_less_tricky_arrival, layout_loops_corners,
          minmay_close_crescents
D:2:      layout_basic
D:3:      layout_basic, chequers_temple_overflow_statue_of_worship,
          shapermc_ecumenical_altar_mp_ritualfount, kennysheep_big_empty_room
D:4:      layout_loops_ring, minmay_temple_entry_antechambers, st_stairs_1,
          uniq_crazy_yiuf_cottage, uniq_natasha, uniq_edmund

Skill      XL: |  1  2  3 |
---------------+----------+-----
Transmutations | 2 |  2.1
Dodging        | |  2.0
Stealth        | |  2.6
Spellcasting   | |  2.6
Conjurations   | |  0.5
Air Magic      | |  0.4
Earth Magic    | |  3.6
Poison Magic   | |  0.4

Action                   |  1- 3 |  4- 6 || total
-------------------------+-------+-------++-------
Melee: Unarmed           |    12 |       ||    12
       Tentacles         |    18 |       ||    18
       Constrict         |    23 |       ||    23
       Dagger            |    69 |       ||    69
 Cast: Sandblast         |    13 |     5 ||    18
       Mephitic Cloud    |       |     1 ||     1
  Use: Potion            |       |     2 ||     2
 Stab: Sleeping          |    12 |       ||    12
Armor: Skin              |    16 |       ||    16
Dodge: Dodged            |    61 |     8 ||    69
